 Dungeon Crawl Stone Soup version 0.18.1-1-g2f07953 (webtiles) character file.

2732 CrazyArbalest the Quickloader (level 9, -10/74 HPs)
             Began as a Minotaur Hunter on May 7, 2016.
             Mangled by a three-headed hydra (15 damage)
             ... on level 8 of the Dungeon.
             The game lasted 00:37:14 (7707 turns).

CrazyArbalest the Quickloader (Minotaur Hunter)     Turns: 7707, Time: 00:37:14

Health: -10/74     AC:  6    Str: 21    XL:     9   Next: 40%
Magic:  0/8        EV: 15    Int:  8    God:
Gold:   416        SH:  0    Dex: 14    Spells: 0 memorised, 8 levels left

rFire  . . .     SeeInvis +     K - +0 arbalest
rCold  . . .     Gourm    .     P - +1 leather armour of Fun {Str+4 SInv}
rNeg   . . .     Faith    .     (shield currently unavailable)
rPois  +         Spirit   +     (helmet restricted)
rElec  .         Dismiss  .     D - +0 cloak
rCorr  .         Reflect  .     (no gloves)
SustAt .         Harm     .     v - +0 pair of boots
MR     .....                    A - amulet of guardian spirit
Stlth  ++........               L - ring of poison resistance
                                k - ring of see invisible

@: about to teleport, not resistant to hostile enchantments, unstealthy
A: retaliatory headbutt, horns 2
a: no special abilities


You were on level 8 of the Dungeon.
You were hungry.

You visited 2 branches of the dungeon, and saw 9 of its levels.
You also visited: Ossuary.

You collected 416 gold pieces.

Inventory:

Hand Weapons
 a - a +0 dire flail
 b - a +1 hand crossbow
 K - a +0 arbalest (weapon)
 R - a +2 war axe of venom
 T - a +0 hand axe of electrocution
 U - the +3 hunting sling "Plog" {flame, *Confuse +Blink rC+++ Dex+4, unknown}
   (You found it on level 7 of the Dungeon)

   It causes projectiles fired from it to burn those they strike, causing extra
   injury to most foes and up to half again as much damage against particularly
   susceptible opponents.
   It affects your dexterity (+4).
   It renders you almost immune to cold.
   It lets you blink.
   It may confuse you when you take damage.
Missiles
 d - 18 bolts (quivered)
Armour
 t - a +0 chain mail
 v - a +0 pair of boots (worn)
 D - a +0 cloak (worn)
 P - the +1 leather armour of Fun (worn) {Str+4 SInv}
   (You found it on level 6 of the Dungeon)

   It affects your strength (+4).
   It lets you see invisible.
 S - the -6 buckler of Least Resistance {-Tele rElec SInv Stlth+, unknown}
   (You found it on level 8 of the Dungeon)

   It insulates you from electricity.
   It lets you see invisible.
   It prevents most forms of teleportation.
   It makes you more stealthy.
 Y - the +5 scale mail of the Invisible Hand {*Confuse Str+3 SInv Stlth+, unknown}
   (You found it on level 7 of the Dungeon)

   It affects your strength (+3).
   It lets you see invisible.
   It may confuse you when you take damage.
   It makes you more stealthy.
Jewellery
 g - an uncursed ring of stealth
 k - a ring of see invisible (left hand)
 r - an uncursed ring of protection from cold
 w - an uncursed ring of stealth
 A - an amulet of guardian spirit (around neck)
 L - a ring of poison resistance (right hand)
 Q - a +4 ring of evasion {unknown}
 W - an uncursed ring of fire {unknown}
Wands
 O - a wand of iceblast (6/15)
 V - a wand of confusion (13/48)
Scrolls
 m - a scroll of recharging
 n - a scroll of brand weapon
 o - a scroll of random uselessness {unknown}
 p - a scroll of summoning {unknown}
 q - 2 scrolls of teleportation
 u - 3 scrolls of magic mapping
 x - a scroll of enchant weapon {unknown}
 y - a scroll of fog {unknown}
 F - 3 scrolls of fear
 M - a scroll of torment {unknown}
Potions
 e - 6 potions of curing
 h - 2 potions of mutation {unknown}
 s - a potion of beneficial mutation {unknown}
 z - 2 potions of heal wounds
 B - 2 potions of might {unknown}
 C - a potion of degeneration {unknown}
 E - 7 potions of lignification {unknown}
 G - a potion of flight {unknown}
 J - a potion of cancellation {unknown}
 Z - 2 potions of berserk rage {unknown}
Books
 c - a book of Burglary

   Spells                             Type                      Level
   a - Swiftness                      Charms/Air                   2
   b - Passwall                       Transmutation/Earth          2
   c - Passage of Golubria            Translocation                4
   d - Lee's Rapid Deconstruction     Earth                        5
   e - Darkness                       Hexes                        6
   f - Invisibility                   Hexes                        6
 i - a book of the Warp

   Spells                             Type                      Level
   a - Recall                         Summoning/Translocation      3
   b - Gell's Gravitas                Hexes/Translocation          3
   c - Force Lance                    Conjuration/Translocation    4
   d - Warp Weapon                    Charms/Translocation         5
   e - Summon Forest                  Summoning/Translocation      5
Comestibles
 f - 7 bread rations
 j - 2 beef jerkies
 l - 6 slices of pizza
 I - 4 meat rations
 N - 23 fruits
 X - 6 chunks of flesh


   Skills:
 + Level 5.5 Fighting
 * Level 7.4 Maces & Flails
 * Level 9.4 Crossbows
 + Level 4.3 Armour
 + Level 6.2 Dodging
 + Level 2.7 Stealth


You had 8 spell levels left.
You didn't know any spells.

Dungeon Overview and Level Annotations

Branches:
Dungeon (8/15)             Temple (1/1) D:5
   Lair: D:8-11

Altars:
Ashenzari
Cheibriados
Dithmenos
Elyvilon
Fedhas
Kikubaaqudgha
Nemelex Xobeh
Pakellas
Qazlal
Ru
Sif Muna
Trog
Vehumet
Yredelemnul
The Shining One
Jiyva


Innate Abilities, Weirdness & Mutations

You reflexively headbutt those who attack you in melee.
You have a pair of horns on your head.


Message History

There is an open gate, spattered with blood here.
You see here a bolt.
The big kobold misses you. The big kobold misses you.
You see here a bolt.
Found a dagger.
You enter the shallow water.
Moving in this stuff is going to be slow.
The three-headed hydra bites you.
* * * LOW HITPOINT WARNING * * *
The three-headed hydra closely misses you.
The three-headed hydra bites you but does no damage.
The big kobold closely misses you.
You see here a sheep skeleton.
Read which item? (? for menu, Esc to quit)
As you read the scroll of teleportation, it crumbles to dust.
You feel strangely unstable. The three-headed hydra bites you!
* * * LOW HITPOINT WARNING * * *
The three-headed hydra bites you!
You die...

#≈....'..#
###...P.(.?#
#..≈..(('?.#
#.#.....#..#
#÷#≈(P≈P##+#
#K#P≈)≈≈# #.#PP≈P.')
#K##########
#.D@.......######
#........#......##.#
#........#......##.#
#........#......##.#
#........#..........
#####.######).#.....
#........#)........
#..........##..#...
#.......)#####.#...


You could see a three-headed hydra and a big kobold.

Vanquished Creatures
  2 yaks (D:8)
  A hippogriff (D:7)
  A black bear (D:6)
  A sky beast (D:8)
  A wasp (D:8)
  A phantom (D:6)
  An ogre (D:7)
  3 centaurs
  3 elf zombies (Ossuary)
  2 big kobolds (D:8)
  A giant frog (D:7)
  A scorpion (D:4)
  4 wights (D:6)
  A howler monkey (D:7)
  2 vampire bats (D:2)
  2 crimson imps (D:7)
  A quasit (D:8)
  A centaur zombie (D:8)
  A jelly (D:7)
  4 orc wizards
  2 human zombies (Ossuary)
  An orc priest (D:8)
  6 worker ants
  2 sheep (D:8)
  4 hound skeletons
  3 mummies
  A worker ant zombie (D:6)
  9 adders
  3 gnolls (D:6)
  2 oozes
  2 adder zombies (Ossuary)
  3 worms
  4 giant geckos
  9 orcs
  8 bats
  3 bat skeletons (D:2)
  4 bat zombies (D:2)
  4 giant cockroaches
  8 goblins
  5 hobgoblins
  A jackal (D:1)
  9 kobolds
  5 quokkas
  4 giant newts
  8 hobgoblin zombies (Ossuary)
  A jackal zombie (Ossuary)
  9 kobold zombies (Ossuary)
  11 orc zombies (Ossuary)
  16 rats
  A rat zombie (Ossuary)
182 creatures vanquished.

Vanquished Creatures (others)
  A gnoll (D:6)
  An adder skeleton (D:6)
2 creatures vanquished.

Grand Total: 184 creatures vanquished

Notes
Turn   | Place    | Note
--------------------------------------------------------------
     0 | D:1      | CrazyArbalest the Minotaur Hunter began the quest for the Orb.
     0 | D:1      | Reached XP level 1. HP: 18/18 MP: 0/0
   234 | D:1      | Reached XP level 2. HP: 23/25 MP: 1/1
   379 | D:1      | Reached skill level 5 in Crossbows
   740 | D:1      | Reached XP level 3. HP: 30/30 MP: 2/2
  1034 | D:2      | Found an ancient bone altar of Kikubaaqudgha.
  1046 | D:2      | Reached skill level 1 in Maces & Flails
  1046 | D:2      | Reached skill level 1 in Armour
  1046 | D:2      | Reached XP level 4. HP: 26/37 MP: 3/3
  1231 | D:2      | Reached XP level 5. HP: 42/45 MP: 4/4
  1692 | D:2      | Found an oddly glowing altar of Pakellas.
  1950 | D:3      | You fall through a shaft!
  1959 | D:4      | Reached skill level 6 in Crossbows
  2287 | D:3      | Found a faded altar to an unknown god.
  2478 | D:3      | Found a stormy altar of Qazlal.
  3042 | D:4      | Reached XP level 6. HP: 40/51 MP: 3/5
  4102 | D:5      | Entered Level 5 of the Dungeon
  4469 | D:5      | Found a white marble altar of Elyvilon.
  4471 | D:5      | Reached skill level 1 in Stealth
  4475 | D:5      | Found an oddly glowing altar of Pakellas.
  4852 | D:5      | Found a staircase to the Ecumenical Temple.
  4858 | Temple   | Entered the Ecumenical Temple
  5135 | D:6      | Reached XP level 7. HP: 34/57 MP: 6/6
  5235 | D:6      | Found a sand-covered staircase.
  5299 | Ossuary  | Entered an ossuary
  5589 | Ossuary  | Reached skill level 7 in Crossbows
  5612 | Ossuary  | Reached skill level 5 in Maces & Flails
  5747 | D:6      | Reached XP level 8. HP: 55/66 MP: 7/7
  5928 | D:6      | Got an obsidian-encrusted leather armour
  5939 | D:6      | Identified the +1 leather armour of Fun {Str+4 SInv} (You found it on level 6 of the Dungeon)
  6425 | D:7      | Reached skill level 8 in Crossbows
  6468 | D:7      | Reached skill level 5 in Dodging
  6483 | D:7      | Got a crystal hunting sling
  6612 | D:7      | Found a basalt altar of Yredelemnul.
  6655 | D:7      | Found a snail-covered altar of Cheibriados.
  6962 | D:7      | Got a brightly glowing scale mail
  7127 | D:8      | Reached skill level 9 in Crossbows
  7127 | D:8      | Reached XP level 9. HP: 72/72 MP: 8/8
  7214 | D:8      | Reached skill level 5 in Fighting
  7259 | D:8      | Got a scorched buckler
  7409 | D:8      | Noticed a moth of wrath
  7411 | D:8      | Found a bloodstained altar of Trog.
  7682 | D:8      | Noticed a three-headed hydra
  7707 | D:8      | Mangled by a three-headed hydra

Skill      XL: |  1  2  3  4  5  6  7  8  9 |
---------------+----------------------------+-----
Crossbows      | 5 6 7 9 |  9.4
Maces & Flails | 1 2 3 5 6 7 |  7.4
Armour         | 1 2 3 4 |  4.3
Fighting       | 3 4 5 |  5.5
Dodging        | 3 4 5 6 |  6.2
Stealth        | 1 2 |  2.7

Action                   |  1- 3 |  4- 6 |  7- 9 || total
-------------------------+-------+-------+-------++-------
Melee: Short sword       |    13 |       |       ||    13
       Club              |    21 |       |       ||    21
       Headbutt          |    11 |    24 |    55 ||    90
       Mace              |    43 |   137 |       ||   180
       Dire flail        |       |     3 |    89 ||    92
       War axe           |       |       |   119 ||   119
       Halberd           |       |       |    14 ||    14
 Fire: Hand crossbow     |     2 |    29 |    39 ||    70
       Arbalest          |       |       |     5 ||     5
  Use: Scroll            |       |       |    10 ||    10
       Potion            |       |       |     3 ||     3
 Stab: Sleeping          |     1 |     1 |     3 ||     5
  Eat: Chunk             |       |    11 |     8 ||    19
       Pizza             |       |     1 |       ||     1
       Fruit             |       |       |     1 ||     1
Armor: Leather armour    |    32 |    38 |    72 ||   142
       Chain mail        |       |       |     6 ||     6
Dodge: Dodged            |    77 |    92 |   149 ||   318
